[Event "Live Chess"]
[Site "Chess.com"]
[Date "2023.05.21"]
[Round "-"]
[White "Pablo_dmp"]
[Black "RichardABates"]
[Result "0-1"]
[WhiteElo "1862"]
[BlackElo "2149"]
[TimeControl "300"]
[EndTime "7:38:50 PDT"]
[Termination "RichardABates won by resignation"]

1. e4 c5 2. a3 d5 3. exd5 Nf6 4.
c4 e6 5. dxe6 Bxe6 6. Nf3 Nc6 7.
Nc3 Bd6 8. Be2 O-O 9. Nb5 Bb8 10. d4 a6 11. d5 axb5 12. dxe6 fxe6 13. Qxd8 Rxd8 14. cxb5 Nd4 15. Nxd4 cxd4 16. Bg5 d3 17. Bf3 Be5 18. O-O Rd7 19. Ra2 Rc8 20. b4 h6 21.
Be3 g5 22. Rd1 g4 23. Bxh6 gxf3 24. gxf3 Kh7 25. Bg5 Rg8 26. h4 Bf4 27. Kf1 Bxg5 28. hxg5 Rxg5 29. Rad2 Rgd5 30. Kg2 e5 31. Rh1+ Kg6 32.
Rh4 Kf5 33. Kf1 e4 34. fxe4+ Nxe4 35. Rd1 d2 36. Rh5+ Kg4 37. Rxd5 Rxd5 38. Ke2 Nc3+ 0-1

[Event "Live Chess"]
[Site "Chess.com"]
[Date "2023.05.21"]
[Round "-"]
[White "jimwad"]
[Black "NomisY"]
[Result "1/2-1/2"]
[WhiteElo "1227"]
[BlackElo "1517"]
[TimeControl "300"]
[EndTime "7:39:03 PDT"]
[Termination "Game drawn by repetition"]

1. c4 e6 2. g3 d5 3. cxd5 exd5 4. Bg2 Nf6 5. d4 c6 6. Nc3 Bf5 7. Bg5 Be7 8. e3 h6 9. Bf4 Nbd7 10. Nge2 O-O 11.
O-O g5 12. Be5 Nxe5 13. dxe5 Ng4 14. Nd4 Bc8 15. e6 Ne5 16. exf7+ Rxf7 17. Qh5 Kg7 18. Bh3 Bxh3 19. Qxh3 Qd7 20. Qxd7 Nxd7 21.
f4 Nc5 22. fxg5 Bxg5 23. Rxf7+ Kxf7 24. Rf1+ Kg6 25. Nf5 Re8 26. h4 Bxe3+ 27. Nxe3 Rxe3 28. Kg2 Nd3 29. Nd1 Re2+ 30. Kh3 Nxb2 31. Nxb2 Rxb2 32. a4 Ra2 33. Rb1 b6 34. Rb4 c5 35. Rg4+ Kf6 36.
Rf4+ Kg6 37. Rg4+ Kf5 38. Rg7 Rxa4 39. g4+ Kf6 40. Rd7 Ra3+ 41. Kg2 d4 42. Rd5 Re3 43. g5+ hxg5 44. hxg5+ Kg6 45. Rd7 Kxg5 46. Rxa7 d3 47. Rd7 c4 48. Rd4 c3 49. Kf2 Re2+ 50. Kf1 Re3 51.
Kf2 Rh3 52. Kg2 Re3 53. Kf2 1/2-1/2

[Event "Live Chess"]
[Site "Chess.com"]
[Date "2023.05.21"]
[Round "-"]
[White "GEMdzq"]
[Black "Cimon"]
[Result "1-0"]
[WhiteElo "2224"]
[BlackElo "1843"]
[TimeControl "300"]
[EndTime "7:39:05 PDT"]
[Termination "GEMdzq won on time"]

1. e4 d6 2. d4 Nf6 3. Nc3 g6 4. Bc4 Bg7 5. Nf3 c6 6. a4 Bg4 7.
h3 Bxf3 8. Qxf3 O-O 9. O-O Nbd7 10. Be3 e5 11. d5 c5 12. Bg5 h6 13. Bh4 g5 14. Bg3 a6 15. a5 b5 16. axb6 Nxb6 17.
Bxa6 Qd7 18. Bb5 Qc7 19. Bc6 Rab8 20. b3 Qc8 21. Nb5 Qd8 22. Ra7 Nc8 23. Ra2 Ne8 24. Na7 Nc7 25. Nxc8 Qxc8 26. Ra7 Nb5 27. Bxb5 Rxb5 28.
Rfa1 f5 29. exf5 e4 30. Qh5 Qxf5 31. Re1 Rbb8 32. Qe2 e3 33. Qxe3 Qxc2 34. Qe7 Qg6 35. Re6 Qb1+ 36. Kh2 Qh7 37. Qxd6 Rxb3 38. Ree7 Qf5 39.
Rxg7+ 1-0

[Event "Live Chess"]
[Site "Chess.com"]
[Date "2023.05.21"]
[Round "-"]
[White "viktorskliarov"]
[Black "peleus16"]
[Result "1-0"]
[WhiteElo "2646"]
[BlackElo "1751"]
[TimeControl "300"]
[EndTime "7:39:11 PDT"]
[Termination "viktorskliarov won on time"]

1. e4 d5 2. exd5 Qxd5 3. Nc3 Qa5 4. d4 Nf6 5. Bc4 Bf5 6. Ne2 e6 7. Bd2 c6 8. O-O Be7 9. Nd5 Qd8 10. Nxe7 Qxe7 11. a3 Nbd7 12. Ng3 Bg6 13. Re1 O-O 14. Bb4 c5 15. dxc5 Nxc5 16. Qd4 b6 17. Re2 Rad8 18.
Qh4 Rd7 19. Rae1 Rfd8 20. h3 a5 21. Bc3 Rd1 22. Qg5 h6 23. Qh4 Rxe1+ 24. Rxe1 Bxc2 25. Nh5 Ncd7 26. Re3 Nxh5 27. Qxe7 1-0

[Event "Live Chess"]
[Site "Chess.com"]
[Date "2023.05.21"]
[Round "-"]
[White "EdenHazard8"]
[Black "Mugzwang"]
[Result "1-0"]
[WhiteElo "1932"]
[BlackElo "1445"]
[TimeControl "300"]
[EndTime "7:39:11 PDT"]
[Termination "EdenHazard8 won on time"]

1. e4 e6 2. d4 d5 3. exd5 exd5 4. Bd3 Nf6 5. c3 Bd6 6. Nf3 O-O 7. O-O h6 8. h3 Nbd7 9. Re1 c6 10. Nbd2 Qc7 11.
Nf1 b6 12. Bc2 Ba6 13. Bd3 Bxd3 14. Qxd3 Rfe8 15. Ne3 Ne4 16. Nf5 Ndf6 17. Nxd6 Qxd6 18.
Ne5 Nd7 19. Bf4 Nxe5 20. Bxe5 Qg6 21. f3 Ng5 22. Qxg6 fxg6 23. Kf2 Kh7 24. h4 Nf7 25. Bg3 g5 26. Re2 Rxe2+ 27. Kxe2 Re8+ 28. Kf2 gxh4 29. Bxh4 Nd6 30. b3 Nf5 31. Bg3 Nxg3 32. Kxg3 Re2 33. Rc1 Rxa2 34. c4 dxc4 35. bxc4 Rd2 36. Ra1 a5 37. c5 Rxd4 38. cxb6 Rb4 39. Rxa5 Rxb6 40.
Rc5 Kg6 41. Kg4 Kf6 42. f4 g6 43. g3 h5+ 44. Kh4 Ra6 45. Kh3 Rb6 46. Rc3 g5 47. Rd3 gxf4 48. gxf4 Kf5 49. Rd4 Rb3+ 50. Kh4 Rf3 51.
Kxh5 Rxf4 52. Rd6 Rc4 53. Kh6 Rc1 54. Kg7 c5 55. Kf7 c4 56. Ke7 c3 57. Rc6 c2 58.
Kf7 Ke5 59. Ke7 Kd5 60. Rd6+ Kc4 61. Rd8 Kb3 62. Rb8+ Kc3 63. Rc8+ Kb3 64. Kf6 1-0

[Event "Live Chess"]
[Site "Chess.com"]
[Date "2023.05.21"]
[Round "-"]
[White "Ra2orLeaf"]
[Black "Long1968"]
[Result "1-0"]
[WhiteElo "1146"]
[BlackElo "951"]
[TimeControl "300"]
[EndTime "7:39:12 PDT"]
[Termination "Ra2orLeaf won by resignation"]

1. d4 Nf6 2. Nf3 g6 3. Bg5 Bg7 4. Nc3 O-O 5. e4 d6 6. e5 d5 7. exf6 exf6 8. Be3 f5 9. Qd2 Nc6 10. O-O-O Be6 11. Bh6 Re8 1-0

[Event "Live Chess"]
[Site "Chess.com"]
[Date "2023.05.21"]
[Round "-"]
[White "davigator"]
[Black "youtookmyhorse"]
[Result "1-0"]
[WhiteElo "2286"]
[BlackElo "762"]
[TimeControl "300"]
[EndTime "7:39:16 PDT"]
[Termination "davigator won by checkmate"]

1. e4 c6 2. d4 d5 3. e5 Bf5 4. c4 e6 5. Qb3 b6 6. Nc3 Nd7 7. Nf3 Ne7 8. cxd5 exd5 9. Bf4 Ng6 10. Bg3 Be7 11. a4 O-O 12. Be2 f6 13. O-O fxe5 14. dxe5 Ndxe5 15. Nxe5 Nxe5 16. Bxe5 Be4 17. Nxe4 Bh4 18. Bg3 c5 19. Nc3 Kh8 20. Qxd5 Qf6 21. Bf3 Rad8 22. Qc6 Qd4 23. Rad1 Qc4 24. Rxd8 Rxd8 25.
Ne4 Bxg3 26. hxg3 Qb3 27. Qc7 Rg8 28. Ng5 Qxb2 29. Nf7# 1-0

[Event "Live Chess"]
[Site "Chess.com"]
[Date "2023.05.21"]
[Round "-"]
[White "LiamBellwood"]
[Black "educatedlad"]
[Result "1-0"]
[WhiteElo "1905"]
[BlackElo "1624"]
[TimeControl "300"]
[EndTime "7:39:23 PDT"]
[Termination "LiamBellwood won by resignation"]

1. d4 d5 2. Nc3 Nf6 3. Bf4 e6 4. Nb5 Bb4+ 5. c3 Ba5 6. b4 Bb6 7. a4 a6 8. a5 axb5 9. axb6 Rxa1 10. Qxa1 cxb6 11. Bxb8 O-O 12. Nf3 Ne4 13. Bf4 Bd7 14. e3 Qc8 15. Ne5 Bc6 16. f3 Nd6 17. Bd3 Nc4 18. O-O f6 19. Nxc4 dxc4 20. Bc2 Qe8 21. Qe1 e5 22. Bg3 exd4 23. exd4 Qh5 24. Qe6+ Kh8 25. Qg4 Qf7 26. Re1 Re8 27. Rxe8+ Qxe8 28. Be4 Bxe4 29. Qxe4 Qa8 30. h4 Qa1+ 31. Kh2 h6 32. Be1 Qa8 33. Bd2 Qb8+ 34. Bf4 Qa8 35. Qd5 g5 36.
hxg5 hxg5 37. Bd6 Qe8 38. Qxb7 Qh5+ 39. Kg1 Qh4 40. Qe4 Qh6 41. Qe8+ Kh7 42. Bf8 Qg6 43. Qxg6+ Kxg6 44. Bd6 Kf5 45. Bc7 Ke6 46. Bxb6 1-0

[Event "Live Chess"]
[Site "Chess.com"]
[Date "2023.05.21"]
[Round "-"]
[White "wadsy27"]
[Black "bedsdrout"]
[Result "1/2-1/2"]
[WhiteElo "2539"]
[BlackElo "1583"]
[TimeControl "300"]
[EndTime "7:39:32 PDT"]
[Termination "Game drawn by repetition"]

1. d4 Nf6 2. c4 e6 3. Nf3 d5 4. g3 Be7 5. Bg2 c5 6. cxd5 exd5 7.
O-O Nc6 8. dxc5 O-O 9. a3 Ne4 10. b4 Bf6 11. Ra2 Bg4 12. Bb2 Bxb2 13. Rxb2 a5 14.
h3 Qf6 15. Rb3 a4 16. Rd3 Be6 17. Nd4 Ne5 18. Re3 Nc4 19. Rf3 Qh6 20. Nf5 Qf6 21. Nd6 Qb2 22. Nxc4 dxc4 23. Qc1 Qxc1 24. Rxc1 f5 25.
Nc3 Rfe8 26. Nxe4 fxe4 27. Re3 Bd5 28. Rd1 Rad8 29. Bxe4 Bc6 30. Rxd8 Rxd8 31. Bxc6 bxc6 32. Rc3 Rd2 33. Rxc4 Rxe2 34. Rd4 Ra2 35. Rd6 Rxa3 36. Rxc6 Rb3 37. Rb6 Kf7 38. Kg2 Rb2 39. c6 Ke6 40. b5 a3 41. Ra6 a2 42. Ra7 Kd6 43. c7 Kd7 44. b6 Rxb6 45. Rxa2 Rb7 46. Rc2 Rxc7 47.
Rxc7+ Kxc7 48. Kf3 Kd6 49. Ke4 Ke6 50. f4 h5 51. f5+ Kf6 52. h4 Ke7 53. Ke5 Kf7 54. Ke4 Ke7 55. Ke5 Kf7 56. f6 gxf6+ 57. Kf5 Kg7 58. Ke6 Kg6 59. Ke7 Kg7 60. Ke8 Kg8 61. Ke7 Kg7 62. Kd6 Kh6 63. Kd7 Kh7 64. Ke7 Kg7 1/2-1/2

[Event "Live Chess"]
[Site "Chess.com"]
[Date "2023.05.21"]
[Round "-"]
[White "Leonid_Starozhilov"]
[Black "SimpleHarmonic1"]
[Result "1-0"]
[WhiteElo "2638"]
[BlackElo "2044"]
[TimeControl "300"]
[EndTime "7:39:34 PDT"]
[Termination "Leonid_Starozhilov won by resignation"]

1. b3 e5 2. Bb2 Nc6 3. e3 Nf6 4. Bb5 d6 5. d4 exd4 6. Qxd4 a6 7. Bxc6+ bxc6 8. Nf3 Be7 9. c4 O-O 10. O-O Ne8 11.
Nc3 Bf6 12. Qd2 Bg4 13. Nd4 c5 14. Nde2 g6 15. h3 Bd7 16. Rad1 Bc6 17. Nf4 Bg7 18. Ncd5 Nf6 19. f3 Nxd5 20. cxd5 Bxb2 21. Qxb2 Bb5 22.
Rfe1 Qe7 23. e4 Rae8 24. Qf2 Qe5 25. Qg3 Kh8 26. h4 h5 27. Kh2 Kh7 28. Rc1 Qe7 29.
a4 Bd7 30. b4 cxb4 31. Rxc7 Rc8 32. Rb7 a5 33. Ne2 Bxa4 34. Rxe7 1-0

[Event "Live Chess"]
[Site "Chess.com"]
[Date "2023.05.21"]
[Round "-"]
[White "stevochess11"]
[Black "HadesLearmonth"]
[Result "1-0"]
[WhiteElo "1667"]
[BlackElo "1209"]
[TimeControl "300"]
[EndTime "7:39:36 PDT"]
[Termination "stevochess11 won by resignation"]

1. d4 d5 2. Nf3 Nf6 3. e3 e6 4. Bd3 Bd6 5. O-O O-O 6. Nbd2 Nc6 7. c3 e5 8. dxe5 Nxe5 9. Nxe5 Bxe5 10. Nf3 Qd6 11.
Nxe5 Qxe5 12. f4 Qe6 13. Rf3 Ne4 14. Rh3 Qg6 15. Bxe4 dxe4 16. Rg3 Qb6 17. Qh5 Be6 18. f5 Bc4 19. Rh3 h6 20. Bd2 Rad8 21. Be1 Rd3 22. Bf2 Rfd8 23. Rh4 Rd1+ 24. Rxd1 Rxd1+ 25. Qxd1 Qxb2 26. f6 g5 27. Rxh6 1-0

[Event "Live Chess"]
[Site "Chess.com"]
[Date "2023.05.21"]
[Round "-"]
[White "wot-not"]
[Black "TheSmoulderingMaster"]
[Result "0-1"]
[WhiteElo "1522"]
[BlackElo "1673"]
[TimeControl "300"]
[EndTime "7:39:38 PDT"]
[Termination "TheSmoulderingMaster won by resignation"]

1. d4 Nf6 2. c4 d6 3. Nc3 g6 4. Bg5 c6 5. Qd2 Bg7 6. O-O-O O-O 7. Bh6 Qa5 8. Bxg7 Kxg7 9. f3 b5 10. cxb5 cxb5 11. e4 b4 12. Nd5 Qxa2 13. Nxf6 b3 14. Qd3 exf6 15. Nh3 Bxh3 16. gxh3 Rc8+ 17. Kd2 Qxb2+ 18.
Ke1 Rc3 19. Qe2 Rc2 20. Qb5 Qc3+ 0-1

[Event "Live Chess"]
[Site "Chess.com"]
[Date "2023.05.21"]
[Round "-"]
[White "Dhaydon19"]
[Black "GMHarry-youtube"]
[Result "1-0"]
[WhiteElo "2691"]
[BlackElo "2027"]
[TimeControl "300"]
[EndTime "7:39:42 PDT"]
[Termination "Dhaydon19 won on time"]

1. c4 Nf6 2. Nf3 c5 3. g3 g6 4. Bg2 Bg7 5. O-O O-O 6. Nc3 d6 7. d4 cxd4 8. Nxd4 a6 9. b3 Qc7 10. Bb2 Bd7 11. Rc1 Nc6 12. Nd5 Qd8 13. Nxf6+ Bxf6 14. Nxc6 Bxc6 15. Bxf6 exf6 16. Qd2 Qc7 17. Rfd1 Rad8 18.
Qf4 Bxg2 19. Kxg2 Qc6+ 20. Qf3 Rd7 21. Rd5 f5 22. h4 Rfd8 23. h5 Re7 24. Rcd1 Rde8 25.
e3 Re6 26. h6 Rd8 27. Qf4 Kf8 28. Qd4 f6 29. Kg1 Ke7 30. Qa7 Qc7 31. c5 Rd7 32. b4 Qc6 33. Qb8 Rd8 34. cxd6+ Rexd6 35. Qxd8+ Rxd8 36. Rxd8 Qc7 37. Rg8 Ke6 38. Rg7 Qc2 39. Rd4 Qc1+ 40. Kg2 Qc6+ 41. Kh2 Qc2 42. Kg2 Qc6+ 43.
Kh2 Qc2 44. Rf4 g5 45. Rf3 Qe4 46. Rxh7 Qxf3 47. Kg1 Qd1+ 48. Kg2 g4 49. Rc7 Qf3+ 50. Kg1 Qd1+ 51. Kh2 Qf3 52. Rc2 Qxf2+ 53. Rxf2 Ke5 54. h7 Ke6 55. h8=Q Ke5 56. Qh7 1-0

[Event "Live Chess"]
[Site "Chess.com"]
[Date "2023.05.21"]
[Round "-"]
[White "McSlash1"]
[Black "diana21strabt"]
[Result "1-0"]
[WhiteElo "2008"]
[BlackElo "1739"]
[TimeControl "300"]
[EndTime "7:39:44 PDT"]
[Termination "McSlash1 won by resignation"]

1. e4 d5 2. exd5 Qxd5 3. Nc3 Qa5 4. d4 Nf6 5. Bd2 Bg4 6. f3 Bh5 7. h4 h6 8. Nge2 Nc6 9. Nf4 O-O-O 10. Nxh5 Qxh5 11.
Qe2 Nxd4 12. Qd3 e5 13. g4 Nxg4 14. fxg4 Qxg4 15. Bh3 Nf3+ 16. Qxf3 Qxh3 17. Qxh3+ Kb8 18. O-O-O 1-0

[Event "Live Chess"]
[Site "Chess.com"]
[Date "2023.05.21"]
[Round "-"]
[White "hturner40"]
[Black "WilliamofOrange16th"]
[Result "0-1"]
[WhiteElo "1794"]
[BlackElo "1862"]
[TimeControl "300"]
[EndTime "7:39:46 PDT"]
[Termination "WilliamofOrange16th won on time"]

1. Nf3 d6 2. g3 Nf6 3. Bg2 g6 4. O-O Bg7 5. c4 c5 6. Nc3 Nc6 7. d4 cxd4 8. Nxd4 Nxd4 9. Qxd4 O-O 10. Qh4 a6 11. Bg5 Rb8 12. Rfd1 Be6 13. c5 d5 14. Nxd5 Bxd5 15. e4 Qc7 16. exd5 Qxc5 17. Rac1 Qb6 18. Bf4 Rbc8 19. b3 Rfd8 20. Bh3 Rxc1 21.
Bxc1 Rxd5 22. Rxd5 Nxd5 23. Bg2 e6 24. Bxd5 exd5 25. Bh6 Bxh6 26. Qxh6 d4 27. Qd2 Qc5 28. Kf1 b5 29. Ke1 Qc3 30. b4 f5 31. h4 Qc4 32.
Kd1 Kf7 33. h5 Ke6 34. hxg6 hxg6 35. Qh6 Qd3+ 36. Ke1 Qb1+ 0-1

[Event "Live Chess"]
[Site "Chess.com"]
[Date "2023.05.21"]
[Round "-"]
[White "luckywookie"]
[Black "Biranidun"]
[Result "0-1"]
[WhiteElo "811"]
[BlackElo "2519"]
[TimeControl "300"]
[EndTime "7:39:51 PDT"]
[Termination "Biranidun won by checkmate"]

1. e4 c5 2. c3 Nf6 3. e5 Nd5 4. Nf3 d6 5. Bc4 Nb6 6. exd6 Nxc4 7. dxe7 Qxe7+ 8. Qe2 Qxe2+ 9. Kxe2 Bg4 10. Re1 Nc6 11.
Kf1+ Be7 12. d3 Bxf3 13. gxf3 N4e5 14. d4 cxd4 15. f4 Nd3 16. Rxe7+ Kxe7 17. Bd2 Rad8 18. Na3 Rhe8 19. Nc4 Kf6 20. Ne5 Ncxe5 21. fxe5+ Nxe5 22. Re1 Nf3 23. Rxe8 Nxd2+ 24. Kg2 Rxe8 25. cxd4 Re2 26. d5 Kf5 27. d6 Ne4 28. d7 Rxf2+ 29. Kh3 Rd2 30.
d8=Q Rxd8 31. Kh4 Rd2 32. h3 Rh2 33. b4 g5+ 34. Kh5 Rxh3# 0-1

[Event "Live Chess"]
[Site "Chess.com"]
[Date "2023.05.21"]
[Round "-"]
[White "domrobson"]
[Black "mliszewski"]
[Result "1-0"]
[WhiteElo "1757"]
[BlackElo "1815"]
[TimeControl "300"]
[EndTime "7:40:08 PDT"]
[Termination "domrobson won by resignation"]

1. d4 d5 2. c4 e5 3. dxe5 d4 4. Nf3 Nc6 5. a3 a5 6. Nbd2 f6 7.
exf6 Nxf6 8. Nb3 Be6 9. Nbxd4 Nxd4 10. Nxd4 Bxc4 11. Qa4+ b5 12. Nxb5 Bxb5 13. Qxb5+ Qd7 14. Qxd7+ Nxd7 15. e3 Bd6 16. Bb5 Ke7 17. Bxd7 Kxd7 18. O-O g5 19. Bd2 h5 20. Bc3 Rhg8 21. Rad1 Ke6 22.
e4 a4 23. Rfe1 Be7 24. Rd5 Ra6 25. Red1 Rd6 26. Rxd6+ Bxd6 27. f3 g4 28. fxg4 hxg4 29. g3 Rb8 30. Rd4 Bc5 31. Kg2 Bxd4 32. Bxd4 Rb5 33.
Bc3 c5 34. e5 c4 35. h3 gxh3+ 36. Kxh3 Rd5 37. Kg4 Rd3 38. Kf4 Rd1 39. g4 Rf1+ 40. Kg5 Rg1 41. Kh5 Kf7 42. g5 Rh1+ 43. Kg4 Kg6 44. e6 Rg1+ 45. Kf4 Rxg5 46. e7 Rf5+ 47. Ke4 Kf7 48. Kxf5 Kxe7 49. Ke5 Kd7 50. Kd5 Kc7 51. Kxc4 Kc6 52. Kb4 Kb6 53. Kxa4 Kc5 54. b4+ Kc4 55. Bh8 Kd5 56. b5 Kc5 57. Ka5 Kd6 58. b6 Kc6 59. Ka6 Kd6 60. Ka7 Ke6 61. b7 Kf5 62. b8=Q 1-0

[Event "Live Chess"]
[Site "Chess.com"]
[Date "2023.05.21"]
[Round "-"]
[White "AlanPaling"]
[Black "zdanevych"]
[Result "1-0"]
[WhiteElo "1395"]
[BlackElo "1469"]
[TimeControl "300"]
[EndTime "7:40:25 PDT"]
[Termination "AlanPaling won by resignation"]

1. c4 c6 2. g3 d5 3. Nf3 a6 4. Bg2 dxc4 5. Na3 b5 6. Ne5 Bb7 7.
O-O e6 8. b3 Bxa3 9. Bxa3 Nd7 10.
d4 cxd3 11. Nxd3 Ne7 12. Nc5 Nxc5 13. Bxc5 Qxd1 14. Rfxd1 Nd5 15. Rac1 f6 16. e4 Ne7 17.
Bxe7 Kxe7 18. e5 Rhd8 19. exf6+ gxf6 20. Rxd8 Rxd8 21. h4 Rd2 22. a4 Rb2 23. axb5 axb5 24. Rc3 Rb1+ 25. Kh2 Kd7 26. g4 Kc7 27. g5 fxg5 28.
hxg5 Kb6 29. Be4 Rb2 30. Kg3 c5 31. Bxh7 b4 32. Re3 Rb1 33. g6 e5 34. Rxe5 Rxb3+ 35. Kh4 Rf3 36. g7 Rf4+ 37. Kh5 Bf3+ 38. Kh6 Rf6+ 39.
Bg6 1-0

[Event "Live Chess"]
[Site "Chess.com"]
[Date "2023.05.21"]
[Round "-"]
[White "manthanit"]
[Black "martynstanley"]
[Result "0-1"]
[WhiteElo "1103"]
[BlackElo "1039"]
[TimeControl "300"]
[EndTime "7:40:30 PDT"]
[Termination "martynstanley won on time"]

1. e4 e6 2. h3 d5 3. exd5 exd5 4. Nf3 c5 5. d4 Nc6 6. dxc5 Bxc5 7. Bd3 Qb6 8. O-O Qc7 9. Re1+ Nge7 10. Bg5 f6 11. Bh4 b6 12. Bg3 Qd7 13. Bb5 Bb7 14. c4 a6 15.
cxd5 O-O-O 16. Bxc6 Bxc6 17. Nc3 Nxd5 18. Nxd5 Qxd5 19.
Qxd5 Rxd5 20. b3 Rhd8 21. Re2 Bd7 22. Rae1 Re8 23. Rxe8+ Bxe8 24. Rxe8+ Kd7 25. Re1 Bb4 26. Rd1 Rxd1+ 27. Kh2 Bd6 28. Nh4 Bxg3+ 29. Kxg3 Ra1 30. Nf5 Rxa2 31. Nxg7 Rb2 32. Nf5 Rxb3+ 33. f3 a5 34.
Kh4 a4 35. Kh5 a3 36. Kh6 a2 37. Kxh7 a1=Q 38. Kg7 Rb2 39. g4 Qa7 40. h4 Ke6+ 41. Kg6 b5 42. Ng7+ Ke7 43. Nf5+ Ke6 44. Ng7+ Kd6 45.
Nf5+ Kc5 46. Kxf6 Qb6+ 47. Kg5 Rf2 48. Kf4 Qc7+ 49. Ke3 Rxf3+ 50. Kxf3 Qe5 51. h5 b4 52. Ne3 b3 53. Nd1 Qd5+ 54. Ke2 Qg5 55. Ne3 b2 56. Nf5 b1=Q 57. Kf3 Qf1+ 58. Ke4 Qff4+ 59. Kd3 Qgxg4 60. Ne3 Qd4+ 61. Kc2 Qxh5 0-1

[Event "Live Chess"]
[Site "Chess.com"]
[Date "2023.05.21"]
[Round "-"]
[White "AbilifyXL"]
[Black "PaulyD81"]
[Result "1-0"]
[WhiteElo "1989"]
[BlackElo "1189"]
[TimeControl "300"]
[EndTime "7:40:30 PDT"]
[Termination "AbilifyXL won by resignation"]

1. d4 Nf6 2. c4 e6 3. Nf3 Bb4+ 4. Bd2 Bxd2+ 5. Nbxd2 d5 6. cxd5 Qxd5 7. e3 Nc6 8.
Be2 e5 9. dxe5 Nxe5 10. Qc2 Nxf3+ 11. Bxf3 Qd6 12. O-O O-O 13. Rfd1 Qe5 14. Nc4 Bf5 15. Nxe5 Bxc2 16. Rdc1 Bf5 17. Rxc7 Rfe8 18. Nxf7 Bc8 19. Nd6 Rf8 20. Nxc8 Raxc8 21. Rxb7 Rb8 22. Rxb8 Rxb8 23. b3 Rd8 24. Rd1 Rxd1+ 25. Bxd1 Ne4 26. Bc2 Nc3 27.
a4 a5 28. Kf1 Nd5 29. Ke1 Kf7 30. Bd3 g6 31. Bc4 Ke6 32. e4 Ke5 33. Bxd5 1-0

[Event "Live Chess"]
[Site "Chess.com"]
[Date "2023.05.21"]
[Round "-"]
[White "tpm07"]
[Black "YrrriKharkiv"]
[Result "1-0"]
[WhiteElo "1962"]
[BlackElo "2048"]
[TimeControl "300"]
[EndTime "7:40:45 PDT"]
[Termination "tpm07 won by resignation"]

1. e4 e6 2. Nf3 d5 3. Nc3 d4 4. Ne2 c5 5. c3 Nc6 6. cxd4 cxd4 7. Qa4 Nf6 8. e5 Nd7 9. Nexd4 Nxd4 10. Qxd4 Qc7 11.
Bb5 a6 12. Ba4 b5 13. Bb3 Nc5 14. O-O Nxb3 15. axb3 Be7 16. Qg4 g6 17. d4 Bb7 18.
Bh6 Bf8 19. Bxf8 Kxf8 20. Rac1 Qd7 21. Rfd1 Kg7 22. Qg5 Qd8 23. Qf4 h6 24. Nd2 Qg5 25. Qxg5 hxg5 26. Rc7 Bd5 27. f3 Rh4 28. Nb1 Bxb3 29.
Rd2 Rd8 30. Rc6 Rhxd4 31. Rxd4 Rxd4 32. Nc3 Rd2 33. Rxa6 Rxb2 34. Ne4 g4 35. Nd6 gxf3 36. gxf3 Bd5 37. Ra7 g5 38. Rxf7+ Kg6 39. Rf6+ Kh5 40. Nf7 Rb1+ 41. Kf2 Rb2+ 42. Kg3 Rg2+ 43. Kxg2 Bxf3+ 44. Kxf3 g4+ 45. Kg3 1-0

[Event "Live Chess"]
[Site "Chess.com"]
[Date "2023.05.21"]
[Round "-"]
[White "Inglaterra"]
[Black "OleksiyJr1"]
[Result "1-0"]
[WhiteElo "2054"]
[BlackElo "1043"]
[TimeControl "300"]
[EndTime "7:40:45 PDT"]
[Termination "Inglaterra won by checkmate"]

1. e4 c5 2. Nf3 Nc6 3. c3 d6 4.
d4 cxd4 5. cxd4 e6 6. Nc3 e5 7.
Bb5 f6 8. O-O a6 9. Bc4 Nge7 10.
a4 Ng6 11. Nd5 Be6 12. Nc7+ Qxc7 13. Bxe6 Be7 14. Be3 Nf8 15. Bd5 Ng6 16. Qb3 Nxd4 17. Nxd4 exd4 18. Bxd4 Rb8 19. Rac1 Qd7 20. Bb6 Nf4 21.
Rc7 Qg4 22. g3 Nxd5 23. exd5 Bd8 24. Re1+ Kf8 25. Qe3 Bxc7 26. Qe7+ Kg8 27. Bxc7 Qc8 28. Bxb8 Qxb8 29. Qd7 h6 30. Re8+ Qxe8 31. Qxe8+ Kh7 32. Qd7 Kg6 33. Qxd6 Re8 34. h4 Re2 35. Qb6 h5 36. d6 Rd2 37. Qc7 Rxb2 38. d7 Rb1+ 39. Kg2 Rd1 40.
Qc2+ f5 41. Qxd1 Kh7 42. d8=Q Kg6 43. Qg5+ Kf7 44. Qd7+ Kg8 45. Qgxg7# 1-0

[Event "Live Chess"]
[Site "Chess.com"]
[Date "2023.05.21"]
[Round "-"]
[White "BillythekidFellowes"]
[Black "Doge_Dandolo"]
[Result "1-0"]
[WhiteElo "2107"]
[BlackElo "1870"]
[TimeControl "300"]
[EndTime "7:40:47 PDT"]
[Termination "BillythekidFellowes won by checkmate"]

1. e3 g6 2. c4 Bg7 3. d4 c5 4.
Nc3 cxd4 5. exd4 Nf6 6. Nf3 d5 7. Bf4 O-O 8. Nb5 Na6 9. Be2 dxc4 10. O-O Be6 11. Ng5 Bd5 12. Nc3 Rc8 13. Re1 Nb4 14. a3 Nc6 15. Bf3 e6 16. Rc1 a6 17. Bxd5 Nxd5 18. Nxd5 exd5 19. Nf3 Re8 20. Qd2 Qd7 21. Ne5 Nxe5 22. Bxe5 Bxe5 23. dxe5 Red8 24. f4 b5 25. h3 d4 26. g4 d3 27. f5 gxf5 28. Qg5+ Kh8 29.
Qf6+ Kg8 30. gxf5 Qd4+ 31. Kh1 Qd5+ 32. Kh2 d2 33. Rg1+ Kf8 34. e6 Qd6+ 35. Kg2 Qd5+ 36. Kg3 Qd3+ 37. Kh4 Rd4+ 38. Rg4 Rxg4+ 39. hxg4 Rc7 40.
Rd1 Ke8 41. Qe5 Rc8 42. f6 fxe6 43. Qxe6+ Kf8 44. Qe7+ Kg8 45. Qg7# 1-0

[Event "Live Chess"]
[Site "Chess.com"]
[Date "2023.05.21"]
[Round "-"]
[White "Olisingapore"]
[Black "NotHarryV"]
[Result "1-0"]
[WhiteElo "1785"]
[BlackElo "1511"]
[TimeControl "300"]
[EndTime "7:41:03 PDT"]
[Termination "Olisingapore won by resignation"]

1. d4 Nf6 2. c4 e6 3. g3 d5 4. Bg2 c5 5. Nf3 cxd4 6. Qxd4 Nc6 7. Qd1 Bc5 8. O-O O-O 9. Bd2 Ne4 10. Qc2 Nxd2 11. Nbxd2 d4 12. Nb3 Be7 13. Rfd1 Bf6 14. e3 e5 15. exd4 exd4 16. Rd3 Bf5 17. Rad1 Bxd3 18. Rxd3 Qc7 19. a3 Rad8 20. Nc1 Rfe8 21. Rd1 Ne5 22. Nxe5 Bxe5 23. b4 b5 24. c5 Bf6 25. Ne2 a6 26. Nf4 Qe5 27. Nd3 Qe2 28.
Qxe2 Rxe2 29. Bb7 Ra2 30. c6 Rxa3 31. c7 Re8 32. c8=Q Rxc8 33. Bxc8 Be7 34. Nc5 Bxc5 35. bxc5 d3 36. c6 Rc3 37. Bxa6 Rxc6 38. Bxb5 Rd6 39. Rxd3 Rxd3 40. Bxd3 1-0

[Event "Live Chess"]
[Site "Chess.com"]
[Date "2023.05.21"]
[Round "-"]
[White "Conradical12"]
[Black "CheckThis4"]
[Result "0-1"]
[WhiteElo "1534"]
[BlackElo "2528"]
[TimeControl "300"]
[EndTime "7:41:09 PDT"]
[Termination "CheckThis4 won by checkmate"]

1. e4 d5 2. exd5 Nf6 3. Nf3 Bg4 4. d4 Qxd5 5. Be2 Nc6 6. Be3 O-O-O 7. c3 e5 8. O-O exd4 9. Nxd4 Bxe2 10. Qxe2 Bc5 11.
Rd1 Rhe8 12. Qf1 Nxd4 13. Bxd4 Bxd4 14. Rxd4 Qf5 15. Rxd8+ Rxd8 16. Na3 Rd2 17. Nc4 Rd8 18. Re1 a6 19. Ne5 Ne4 20. f3 Qxe5 21. Rxe4 Qc5+ 22.
Qf2 Rd1+ 23. Re1 Rxe1# 0-1

[Event "Live Chess"]
[Site "Chess.com"]
[Date "2023.05.21"]
[Round "-"]
[White "mach247"]
[Black "Hacker_2009"]
[Result "0-1"]
[WhiteElo "1331"]
[BlackElo "1953"]
[TimeControl "300"]
[EndTime "7:41:22 PDT"]
[Termination "Hacker_2009 won by resignation"]

1. d4 Nf6 2. Nc3 d5 3. Bf4 a6 4. e3 e6 5. a3 Be7 6. Bd3 O-O 7. Nf3 b6 8. h3 Bb7 9. Ne5 c5 10. g4 Nc6 11. Be2 cxd4 12. exd4 Ne4 13. Nxe4 dxe4 14. Nxc6 Bxc6 15. c3 e3 16. Rg1 exf2+ 17. Kxf2 Bh4+ 18. Kf1 Qf6 19. Qd2 Bg5 20. Ke1 Bxf4 21. Qd3 Qh4+ 22. Kd1 Qf2 23. Rf1 Qg3 24. Qxg3 Bxg3 25. Kc2 b5 26. h4 Bd5 27. Bd3 Rfc8 28. Rg1 Bd6 29. h5 Rab8 30. g5 a5 31. g6 fxg6 32. hxg6 h6 33. b4 axb4 34. axb4 Bxb4 0-1

[Event "Live Chess"]
[Site "Chess.com"]
[Date "2023.05.21"]
[Round "-"]
[White "EdenHazard8"]
[Black "GEMdzq"]
[Result "0-1"]
[WhiteElo "1929"]
[BlackElo "2227"]
[TimeControl "300"]
[EndTime "7:41:22 PDT"]
[Termination "GEMdzq won by resignation"]

1. e4 d6 2. d4 Nf6 3. Nc3 g6 4. f3 Bg7 5. Be3 c6 6. Qd2 b5 7. O-O-O b4 8. Nb1 a5 9. h4 h5 10. Bc4 Na6 11. Rf1 Nc7 12. Nh3 d5 13. exd5 Nfxd5 14. Ng5 O-O 15. Bf2 Ne6 16. g4 Nef4 17. gxh5 Nxh5 18.
Rhg1 Bf5 19. Be3 Nxe3 20. Qxe3 Qxd4 0-1